 Dungeon Crawl Stone Soup version 0.30.1-11-g7821555f0a (webtiles) character file.

Game seed: 2844454436749969360

111934 ripuliukko the Earth Mage (level 16, -3/83 HPs)
             Began as a Gargoyle Earth Elementalist on Dec 10, 2023.
             Was the Champion of Vehumet.
             Slain by a +2 triple sword of chaos (25 damage)
             ... on level 1 of the Snake Pit.
             The game lasted 00:47:24 (29811 turns).

ripuliukko the Earth Mage (GrEE)                   Turns: 29811, Time: 00:47:25

Health: -3/83      AC: 30    Str: 13    XL:     16   Next: 59%
Magic:  4/36       EV: 12    Int: 23    God:    Vehumet [******]
Gold:   1926       SH:  9    Dex: 10    Spells: 7/47 levels left

rFire   . . .        J - staff of air
rCold   + . .        s - +0 buckler
rNeg    + . .        H - +3 troll leather armour
rPois   ∞            (no helmet)
rElec   +            t - +2 cloak
rCorr   .            R - +2 pair of gloves
SInv    +            e - +2 pair of boots
Will    +....        U - amulet of reflection
Stlth   ++           q - ring of protection from cold
HPRegen 1.13/turn    L - ring of see invisible
MPRegen 0.25/turn

%: reflection
@: flying
A: sickness immunity, AC +12, big wings, negative energy resistance 1,
electricity resistance, torment resistance 1, petrification resistance
a: Renounce Religion


You were on level 1 of the Snake Pit.
You worshipped Vehumet.
Vehumet was exalted by your worship.
You visited 5 branches of the dungeon, and saw 24 of its levels.
You also visited: Ice Cave.

You collected 2593 gold pieces.
You spent 667 gold pieces at shops.

Inventory:

Hand Weapons
 D - a +1 quarterstaff of flaming
Missiles
 I - 3 throwing nets
Armour
 e - a +2 pair of boots (worn)
 s - a +0 buckler (worn)
 t - a +2 cloak (worn)
 H - a +3 troll leather armour (worn)
 R - a +2 pair of gloves (worn)
Magical Staves
 J - a staff of air (weapon)
 K - a staff of cold
 S - the staff of air "Lorehuna" {Fly rElec rF+ Str+7 Dex-4}
   (You found it in an ice cave)

   [staff of air]

   Base accuracy: +5 Base damage: 5 Base attack delay: 1.2 This weapon's minimum
   attack delay (0.6) is reached at skill level 12.
   Str:       It affects your strength (+7).
   Dex:       It affects your dexterity (-4).
   rF:        It protects you from fire.
   rElec:     It insulates you from electricity.
   Fly:       It grants you flight.
   It falls into the 'Staves' category.
   It is a one-handed weapon.
 V - a staff of fire
Jewellery
 b - a ring of positive energy
 q - a ring of protection from cold (left hand)
 u - an amulet of the acrobat
 x - a ring of protection from fire
 F - a ring of resist corrosion
 L - a ring of see invisible (right hand)
 U - an amulet of reflection (around neck)
 Z - an amulet of regeneration
Wands
 d - a wand of polymorph (3)
 f - a wand of light (5)
 z - a wand of paralysis (13)
 M - a wand of mindburst (9)
 P - a wand of digging (1)
 Q - a wand of flame (17)
 X - a wand of iceblast (16)
Scrolls
 a - 3 scrolls of vulnerability
 c - 5 scrolls of immolation
 g - 7 scrolls of amnesia
 j - 2 scrolls of brand weapon
 k - 2 scrolls of enchant weapon
 o - a scroll of summoning
 v - 3 scrolls of teleportation
 w - 4 scrolls of noise
 y - a scroll of fog
 C - 2 scrolls of fear
 E - a scroll of torment
 O - a scroll of poison
 W - 3 scrolls of blinking
 Y - 2 scrolls of magic mapping
Potions
 h - 4 potions of heal wounds
 i - 5 potions of lignification
 l - 2 potions of resistance
 m - 2 potions of might
 n - 6 potions of brilliance
 p - 12 potions of curing
 r - 3 potions of mutation
 A - 3 potions of attraction
 B - 4 potions of haste
 G - 2 potions of invisibility
 N - a potion of berserk rage
 T - a potion of ambrosia {unknown}


   Skills:
 + Level 3.5 Fighting
 + Level 1.3 Staves
 * Level 4.7 Throwing
 + Level 6.5 Armour
 + Level 3.9 Dodging
 + Level 3.5 Stealth
 * Level 2.7 Shields
 + Level 0.8 Unarmed Combat
 * Level 16.4 Spellcasting
 * Level 10.6 Conjurations
 + Level 5.2 Necromancy
 + Level 1.2 Transmutations
 + Level 1.6 Fire Magic
 + Level 2.2 Ice Magic
 + Level 2.2 Air Magic
 + Level 16.9 Earth Magic
 + Level 2.7 Poison Magic
 * Level 8.7 Evocations


You had 7 spell levels left.
You knew the following spells:

 Your Spells              Type           Power      Damage    Failure   Level
a - Sandblast             Erth           100%       2d20      0%          1
d - Freezing Cloud        Conj/Ice/Air   29%        6-21      4%          5
e - Lee's Rapid Deconstr  Erth           38%        3d19*     1%          5
i - Ignite Poison         Fire/Tmut/Pois 27%        N/A       1%          3
o - Orb of Destruction    Conj           30%        9d10      13%         7
q - Stone Arrow           Conj/Erth      100%       3d13      1%          3
r - Iron Shot             Conj/Erth      35%        9d7       1%          6
u - Irradiate             Conj/Tmut      23%        3d19      3%          5
w - Borgnjor's Vile Clut  Necr/Erth      31%        N/A       1%          5

Your spell library contained the following spells:

 Spells                   Type           Power      Damage    Failure   Level
 Passwall                 Tmut/Erth      47%        N/A       1%          2
 Poisonous Vapours        Pois/Air       90%        N/A       1%          2
 Hailstorm                Conj/Ice       48%        3d11      1%          3
 Leda's Liquefaction      Hex/Erth       27%        N/A       1%          4
 Petrify                  Tmut/Erth      57%        N/A       1%          4
 Iskenderun's Battlesphe  Conj           61%        2d11      1%          5
 Sting                    Tmut/Pois      100%       1d8       2%          1
 Apportation              Tloc           36%        N/A       4%          1
 Olgreb's Toxic Radiance  Pois           31%        N/A       4%          4
 Animate Dead             Necr           43%        N/A       5%          4
 Call Canine Familiar     Summ           18%        N/A       14%         3
 Portal Projectile        Hex/Tloc       36%        N/A       14%         3
 Ice Form                 Ice/Tmut       26%        N/A       24%         4
 Summon Ice Beast         Ice/Summ       24%        N/A       30%         4
 Cause Fear               Hex            9%         N/A       43%         4
 Alistair's Intoxication  Tmut/Pois      18%        N/A       52%         5
 Eringya's Noxious Bog    Tmut/Pois      14%        N/A       58%         6
 Death Channel            Necr           21%        N/A       65%         6
 Spellforged Servitor     Conj/Summ      21%        N/A       71%         7
 Summon Mana Viper        Hex/Summ       18%        N/A       80%         5
 Simulacrum               Ice/Necr       18%        N/A       85%         6
 Dragon Form              Tmut           12%        N/A       100%        7
 Monstrous Menagerie      Summ           9%         N/A       100%        7
 Lehudib's Crystal Spear  Conj/Erth      35%        10d9      28%         8
 Dragon's Call            Summ           9%         N/A       100%        9
 Sublimation of Blood     Necr           Unusable   N/A       N/A         2

Dungeon Overview and Level Annotations

Branches:
Dungeon (15/15)            Temple (1/1) D:5            Lair (5/5) D:8
  Swamp (0/4) Lair:2        Snake (1/4) Lair:2        Slime (0/5) Lair:5
    Orc (2/2) D:12            Elf (0/3) Orc:2        Vaults (0/5) D:14
 Depths (0/4) D:15          IceCv (visited)

Altars:
Ashenzari
Cheibriados
Dithmenos
Elyvilon
Fedhas
Gozag
Hepliaklqana
Kikubaaqudgha
Makhleb
Nemelex Xobeh
Okawaru
Qazlal
Ru
Sif Muna
Trog
Uskayaw
Vehumet
Wu Jian
Xom
Yredelemnul
Zin
The Shining One
Jiyva
Lugonu

Shops:
D:13 (   Orc:2 **:*

Portals:
Abyss: D:15 Lair:5

Annotations:
D:12 3 runed translucent doors, Mocet's ghost, journeyman GnVM; raetorn's ghost, journeyman DsEE
D:15 2 transporters, tykejmi's ghost, journeyman DsNe
Snake:1 Peloso's ghost, journeyman MiFi


Innate Abilities, Weirdness & Mutations

You are immune to sickness and miasma.
Your stone body is resilient. (AC +12)
You are immune to poison.
Your large and strong wings let you fly.
You resist negative energy. (rN+)
You are resistant to electric shocks. (rElec)
You are resistant to unholy torment.
You are immune to petrification.


Message History

You kill the black mamba!
Vehumet accepts your kill.
You feel your power returning.
You see here 6 stones.
Could not explore, unopened runed door.
Could not explore, unopened runed door.
Could not explore, unopened runed door.
You reach down and open the door.
Casting: Sandblast (safe; 0% risk of failure)
Confirm with . or Enter, or press ? or * to list all spells.
Aiming: Iron Shot (dangerous; 1% risk of failure)
Press: ? - help, Shift-Dir - straight line, f - +2 triple sword of chaos
Aim: a +2 triple sword of chaos (54% to hit)
The iron shot misses the +2 triple sword of chaos.
You block the +2 triple sword of chaos's attack.
The +2 triple sword of chaos hits you!!
The +2 triple sword of chaos freezes you.
Casting: Iron Shot (dangerous; 1% risk of failure)
Confirm with . or Enter, or press ? or * to list all spells.
Aiming: Iron Shot (dangerous; 1% risk of failure)
Press: ? - help, Shift-Dir - straight line, f/p - +2 triple sword of chaos
Aim: a +2 triple sword of chaos (54% to hit)
The iron shot misses the +2 triple sword of chaos.
The +2 triple sword of chaos hits you!
Unknown command.
Casting: Iron Shot (dangerous; 1% risk of failure)
Confirm with . or Enter, or press ? or * to list all spells.
Aiming: Iron Shot (dangerous; 1% risk of failure)
Press: ? - help, Shift-Dir - straight line, f/p - +2 triple sword of chaos
Aim: a +2 triple sword of chaos (54% to hit)
The iron shot hits the +2 triple sword of chaos!!
The +2 triple sword of chaos is severely damaged.
The +2 triple sword of chaos hits you!!
* * * LOW HITPOINT WARNING * * *
You feel your power leaking away.
Casting: Iron Shot (dangerous; 1% risk of failure)
Confirm with . or Enter, or press ? or * to list all spells.
You don't have enough magic to cast this spell.
The +2 triple sword of chaos hits you!!
You die...

.#..####..)......#
..#.......÷......#
..#####..........#
..######.......).#
...............###
..###.##......##.## ..#
#..##.....#:W$# ..#
##..##....##(### .##
##.....#...@..##
.#########..........#
...#....###...#..##.##
.#......###.#.#.###..##
........##.......#....#
.........>.......#....#
.........#.......#....#
.........#.......#....#
........[#.......#....#


You could see a +2 triple sword of chaos and Peloso's ghost.

Vanquished Creatures
  Roxanne (D:15)
  Nessos (Lair:4)
  An ettin (D:14)
  A fire dragon (D:15)
  3 centaur warriors
  An ogre mage (D:15)
  6 hydras
  2 ice dragons (D:15)
  5 anacondas (Snake:1)
  8 two-headed ogres
  3 naga warriors (Snake:1)
  A boulder beetle (D:14)
  7 death yaks (Lair:5)
  2 shock serpents (Snake:1)
  A tengu warrior (D:15)
  3 thrashing horrors (Lair:5)
  3 orc high priests (Orc:2)
  A skyshark (Lair:5)
  4 skeletal warriors (D:15)
  A death drake (shapeshifter) (Lair:5)
  2 bog bodies (IceCv)
  7 orc knights
  A naga ritualist (Snake:1)
  5 deep elf pyromancers
  2 mana vipers (Snake:1)
  2 oklob plants (Lair:5)
  A manticore (D:15)
  17 ugly things
  6 cyclopes
  4 orc sorcerers (Orc:2)
  2 salamanders (Snake:1)
  4 naga magi (Snake:1)
  An ice statue (IceCv)
  9 black mambas
  3 guardian serpents (Snake:1)
  Joseph (D:8)
  A torpor snail (D:15)
  2 unseen horrors
  2 gargoyles
  7 cane toads
  4 kobold demonologists
  An efreet (D:15)
  8 komodo dragons
  2 freezing wraiths
  14 rime drakes
  3 tengu conjurers (D:15)
  An ancient zyme (Lair:5)
  5 trolls
  6 meliai
  A hornet (Lair:3)
  3 polar bears
  13 blink frogs
  24 dream sheep
  A large abomination (Lair:5)
  8 centaur simulacra (D:13)
  A spriggan (Lair:5)
  2 shadows
  A water elemental (D:13)
  5 wraiths
  A human (shapeshifter) (D:14)
  A ynoxinul (Lair:5)
  A fire elemental (D:15)
  A dire elephant simulacrum (IceCv)
  67 yaks
  11 basilisks
  3 wyverns
  6 vampire mosquitoes
  5 chaos spawn (Lair:5)
  2 death yak simulacra (IceCv)
  4 wargs (D:15)
  A hydra simulacrum (IceCv)
  13 nagas
  2 swamp worms (D:11)
  Duvessa (D:6)
  11 small abominations (Lair:5)
  14 water moccasins
  19 orc warriors
  8 ice beasts
  4 sky beasts
  2 black bears (D:7)
  3 ogres
  15 wolves
  8 centaurs
  A phantom (D:5)
  2 kobold brigands (D:11)
  14 bullfrogs
  6 two-headed ogre simulacra (IceCv)
  A scorpion (D:6)
  A cane toad simulacrum (IceCv)
  4 wights (D:8)
  Dowan (D:6)
  4 killer bees (D:9)
  2 electric eels (D:13)
  4 howler monkeys
  4 hounds
  2 jellies
  2 gnoll boudas
  12 orc priests
  2 sleepcaps
  Ijyb (D:5)
  5 iguanas
  19 orc wizards
  4 troll simulacra (IceCv)
  5 polar bear simulacra (IceCv)
  4 spriggan simulacra (IceCv)
  4 wolf simulacra (IceCv)
  7 gnolls
  10 adders
  5 naga simulacra (IceCv)
  12 white imps
  6 ufetubi
  A worm (D:2)
  2 dart slugs
  45 orcs
  5 bats
  8 endoplasms
  4 giant cockroaches
  5 goblins
  6 hobgoblins
  8 jackals
  14 kobolds
  5 quokkas
  8 ball pythons
  3 frilled lizards
  4 rats
702 creatures vanquished.

Vanquished Creatures (collateral kills)
  A cyclops (D:13)
  A polar bear (D:13)
  A white imp (D:13)
3 creatures vanquished.

Vanquished Creatures (others)
  Nikola (Snake:1)
  A mana viper (Snake:1)
  2 black mambas (Snake:1)
4 creatures vanquished.

Grand Total: 709 creatures vanquished

Notes
Turn   | Place    | Note
-------+----------+-------------------------------------------
     0 | D:1      | ripuliukko the Gargoyle Earth Elementalist began the quest
                  | for the Orb.
     0 | D:1      | Reached XP level 1. HP: 10/10 MP: 3/3
   159 | D:1      | Reached XP level 2. HP: 15/15 MP: 1/5
   545 | D:1      | Reached XP level 3. HP: 19/19 MP: 2/6
  1163 | D:2      | Found a shimmering altar of Xom.
  1387 | D:2      | Reached skill level 5 in Earth Magic
  1507 | D:2      | Reached XP level 4. HP: 22/24 MP: 1/8
  2179 | D:3      | Reached XP level 5. HP: 28/28 MP: 4/9
  2680 | D:3      | Found a hide-covered altar of Uskayaw.
  3272 | D:4      | Reached XP level 6. HP: 32/32 MP: 8/11
  3421 | D:4      | Found a sacrificial altar of Ru.
  3532 | D:4      | Learned a level 3 spell: Stone Arrow
  3716 | D:4      | Reached skill level 1 in Fighting
  4000 | D:5      | Entered Level 5 of the Dungeon
  4054 | D:5      | Found a staircase to the Ecumenical Temple.
  4055 | D:5      | Noticed Ijyb
  4057 | D:5      | Paralysed by Ijyb for 2 turns
  4059 | D:5      | Killed Ijyb
  4106 | Temple   | Entered the Ecumenical Temple
  4114 | Temple   | Became a worshipper of Vehumet
  4150 | D:5      | Reached XP level 7. HP: 38/38 MP: 10/14
  4194 | D:5      | Reached skill level 5 in Spellcasting
  4580 | D:5      | Reached XP level 8. HP: 35/43 MP: 6/17
  5839 | D:6      | Noticed Duvessa
  5839 | D:6      | Noticed Dowan
  5844 | D:6      | Killed Dowan
  5852 | D:6      | Killed Duvessa
  6125 | D:7      | Noticed a wyvern
  6132 | D:7      | Killed a wyvern
  6133 | D:7      | Reached skill level 1 in Conjurations
  6311 | D:7      | Reached skill level 1 in Evocations
  6404 | D:7      | Noticed a gargoyle
  6413 | D:7      | Reached XP level 9. HP: 32/48 MP: 1/20
  6445 | D:7      | Killed a gargoyle
  6445 | D:7      | Reached * piety under Vehumet
  6445 | D:7      | Offered knowledge of Magic Dart by Vehumet.
  6667 | D:7      | Noticed a kobold demonologist
  6669 | D:7      | Noticed a sixfirhy
  6671 | D:7      | Killed a kobold demonologist
  6973 | D:7      | Noticed a cyclops
  6978 | D:7      | Killed a cyclops
  7727 | D:8      | Reached XP level 10. HP: 53/53 MP: 23/23
  7729 | D:8      | Reached skill level 10 in Earth Magic
  8096 | D:8      | Noticed Joseph
  8102 | D:8      | Killed Joseph
  8170 | D:8      | Found a staircase to the Lair.
  8189 | D:8      | Offered knowledge of Momentum Strike by Vehumet.
  8224 | D:8      | Reached ** piety under Vehumet
  8227 | D:8      | Reached skill level 10 in Spellcasting
  9065 | D:9      | Found a shadowy altar of Dithmenos.
  9399 | D:9      | Found a bloodstained altar of Trog.
  9426 | D:9      | Killed an unseen horror
  9521 | D:10     | Entered Level 10 of the Dungeon
  9573 | D:10     | Reached skill level 5 in Conjurations
  9573 | D:10     | Reached XP level 11. HP: 57/57 MP: 22/25
 10067 | D:9      | Offered knowledge of Ignite Poison by Vehumet.
 10074 | D:9      | Learned a level 5 spell: Borgnjor's Vile Clutch
 10078 | D:9      | Learned a level 3 spell: Ignite Poison
 10084 | D:9      | Learned a level 5 spell: Irradiate
 10093 | D:9      | Reached skill level 1 in Armour
 10147 | D:10     | Reached skill level 1 in Transmutations
 10308 | D:11     | Noticed a boulder beetle
 10382 | D:11     | Reached *** piety under Vehumet
 10439 | D:11     | Reached skill level 1 in Fire Magic
 10439 | D:11     | Reached skill level 1 in Poison Magic
 10515 | D:11     | Noticed a two-headed ogre
 10518 | D:11     | Killed a two-headed ogre
 10522 | D:11     | Noticed a two-headed ogre
 10528 | D:11     | Killed a two-headed ogre
 10599 | D:11     | Reached skill level 5 in Evocations
 10617 | D:11     | Learned a level 6 spell: Iron Shot
 10693 | D:11     | Identified the +0 ring mail of Gravitas {rN+}
 10845 | D:11     | Reached skill level 1 in Necromancy
 10955 | D:11     | Noticed a sun demon
 11197 | D:12     | Noticed a cyclops
 11203 | D:12     | Killed a cyclops
 11264 | D:12     | Found a staircase to the Orcish Mines.
 11310 | D:12     | Noticed a cyclops
 11315 | D:12     | Killed a cyclops
 11316 | D:12     | Reached XP level 12. HP: 47/62 MP: 22/27
 11677 | D:12     | Offered knowledge of Fulminant Prism by Vehumet.
 11764 | D:12     | Found a radiant altar of Vehumet.
 11815 | D:12     | Found a runed translucent gate.
 11815 | D:12     | Found a runed translucent gate.
 11815 | D:12     | Found a runed translucent gate.
 11816 | D:12     | Noticed Mocet's ghost (journeyman GnVM)
 11817 | D:12     | Noticed raetorn's ghost (journeyman DsEE)
 11971 | D:12     | You fall into a shaft and drop 3 floors!
 11971 | D:15     | Entered Level 15 of the Dungeon
 12103 | D:15     | Noticed a cacodemon
 12106 | D:15     | Found a transporter.
 12108 | D:15     | Noticed a cyan very ugly thing
 12113 | D:15     | Noticed tykejmi's ghost (journeyman DsNe)
 12115 | D:15     | Noticed a hell hog
 12359 | D:14     | Noticed a five-headed hydra
 12363 | D:14     | Killed a five-headed hydra
 12448 | D:14     | Identified the +2 robe "Saxiule" {Dex+2}
 12465 | D:14     | Noticed an ettin
 12471 | D:14     | Killed an ettin
 13032 | D:14     | Found a white marble altar of Elyvilon.
 13421 | D:14     | Found a gate to the Vaults.
 13501 | D:14     | Noticed a centaur warrior
 13511 | D:14     | Killed a centaur warrior
 13543 | D:14     | Reached XP level 13. HP: 67/68 MP: 0/29
 14398 | D:13     | Reached **** piety under Vehumet
 14444 | D:13     | Found a frozen archway.
 14455 | D:13     | Reached skill level 5 in Armour
 14527 | D:13     | Offered knowledge of Dazzling Flash by Vehumet.
 14535 | IceCv    | Entered an ice cave
 15356 | IceCv    | Identified the staff of air "Lorehuna" {Fly rElec rF+ Str+7
                  | Dex-4}
 15438 | IceCv    | Reached ***** piety under Vehumet
 15441 | IceCv    | Offered knowledge of Lee's Rapid Deconstruction by Vehumet.
 15452 | IceCv    | Learned a level 5 spell: Lee's Rapid Deconstruction
 15998 | D:13     | Found Odghep's Weapon Boutique.
 17052 | Lair:1   | Entered Level 1 of the Lair of Beasts
 17922 | Lair:2   | Found a staircase to the Swamp.
 17935 | Lair:1   | Gained mutation: Your large and strong wings let you fly.
                  | [Gargoyle growth]
 17935 | Lair:1   | Reached XP level 14. HP: 42/74 MP: 6/31
 18153 | Lair:2   | Found a staircase to the Snake Pit.
 18322 | Lair:2   | Found a blossoming altar of Fedhas.
 18339 | Lair:2   | Offered knowledge of Eringya's Noxious Bog by Vehumet.
 19281 | Lair:3   | Reached skill level 15 in Earth Magic
 20267 | Lair:3   | Learned a level 6 spell: Eringya's Noxious Bog
 20454 | Lair:3   | Reached skill level 1 in Shields
 21494 | Lair:4   | Noticed Nessos
 21505 | Lair:4   | Killed Nessos
 21948 | Lair:5   | Entered Level 5 of the Lair of Beasts
 21960 | Lair:5   | Reached skill level 1 in Staves
 22016 | Lair:5   | Offered knowledge of Ozocubu's Refrigeration by Vehumet.
 22310 | Lair:5   | Reached skill level 1 in Air Magic
 22637 | Lair:5   | Reached skill level 1 in Throwing
 22651 | Lair:5   | Reached skill level 1 in Ice Magic
 22865 | Lair:5   | Reached XP level 15. HP: 77/78 MP: 33/33
 23325 | Lair:5   | Found a viscous altar of Jiyva.
 23326 | Lair:5   | Found a staircase to the Slime Pits.
 23331 | Lair:5   | Reached skill level 15 in Spellcasting
 23772 | Lair:5   | Identified the +5 flail of Agony {heavy, rF+}
 24263 | Lair:5   | Found a corrupted altar of Lugonu.
 24263 | Lair:5   | Found a one-way gate to the infinite horrors of the Abyss.
 24903 | D:14     | Offered knowledge of Freezing Cloud by Vehumet.
 24910 | D:14     | Learned a level 5 spell: Freezing Cloud
 25130 | D:15     | Found a transporter.
 25155 | D:15     | Found a staircase to the Depths.
 25394 | D:15     | Identified the +7 flail of Ziuhowye {vamp, *Noise Int+4
                  | Dex+3 SInv}
 25558 | D:15     | Reached skill level 5 in Necromancy
 25822 | D:15     | Noticed Roxanne
 25827 | D:15     | Killed Roxanne
 26276 | D:15     | Noticed a profane servitor
 26346 | D:15     | Reached skill level 10 in Conjurations
 26708 | D:15     | Found the +4 skin of Zhor {*Englaciate rC+++ SInv}
 26856 | Orc:1    | Entered Level 1 of the Orcish Mines
 27262 | Orc:2    | Entered Level 2 of the Orcish Mines
 27281 | Orc:2    | Reached XP level 16. HP: 79/83 MP: 13/35
 27804 | Orc:2    | Found a staircase to the Elven Halls.
 27818 | Orc:2    | Paralysed by an orc sorcerer for 5 turns
 27917 | Orc:2    | Paralysed by an orc sorcerer for 4 turns
 28384 | Orc:2    | Found Butecih's Assorted Antiques.
 28384 | Orc:2    | Found Ledum's General Store.
 28386 | Orc:2    | Found Pyshur's General Store.
 28386 | Orc:2    | Found Bonlall's Book Emporium.
 28395 | Orc:2    | Bought a potion of heal wounds for 55 gold pieces
 28396 | Orc:2    | Bought a Young Poisoner's Handbook for 300 gold pieces
 28398 | Orc:2    | Bought Roxanne's Grimoire of Cleavage for 312 gold pieces
 28585 | Snake:1  | Entered Level 1 of the Snake Pit
 28585 | Snake:1  | Noticed Nikola
 28599 | Snake:1  | Killed Nikola
 29046 | Snake:1  | Reached ****** piety under Vehumet
 29360 | Snake:1  | Found a runed translucent door.
 29360 | Snake:1  | Found a shimmering altar of Xom.
 29360 | Snake:1  | Noticed Peloso's ghost (journeyman MiFi)
 29423 | Snake:1  | Offered knowledge of Orb of Destruction by Vehumet.
 29432 | Snake:1  | Learned a level 7 spell: Orb of Destruction
 29657 | Snake:1  | Found a stormy altar of Qazlal.
 29811 | Snake:1  | Slain by a +2 triple sword of chaos

Illustrated notes

Levels and vault maps discovered:
D:1:      grunt_arrival_lava_bath, layout_basic
D:2:      layout_loops_corners, basic_altar, minmay_pentomino_pile
D:3:      layout_basic, general_overflow_altar, guppyfry_early_lair_pool
D:4:      layout_basic, nicolae_ru_awakened_eye
D:5:      layout_cave_pods, minmay_temple_entry_tees, uniq_ijyb
D:6:      dreamdust_elfheim, layout_basic
D:7:      layout_basic, chequers_serial_rivers_micro_e, kb_rosetta
D:8:      layout_gridville, lair_entry_dummy, uniq_joseph
D:9:      layout_loops_corners, amcnicky_altar_gilded, trog_book
D:10:     layout_cross, kennysheep_boxes
D:11:     layout_cave_pools, worms_lemuel
D:12:     layout_stronghold, orc_0_dummy, serial_column_ruins,
          column_ruins_open_tiny, column_ruins_corridor_corner,
          column_ruins_grid_1, gammafunk_ghost_cemetery, fiery_altar_vehumet
D:13:     layout_small_grid, serial_shops, nicolae_shop_window_shopping,
          serial_ice, serial_ice_i, serial_ice_e, serial_ice_b, serial_ice_m,
          serial_ice_g, serial_ice_o, serial_ice_f, serial_ice_d, serial_ice_h,
          serial_ice_n, portal_ice_cave_rime
D:14:     layout_stronghold, david_vaults_4, nicolae_elyvilon_temple_path
D:15:     grunt_enter_depths_hoard, layout_loops_ring,
          gammafunk_ghost_abyssal_escape, nicolae_lava_and_water,
          hellmonk_guarded_unrand_zhor, uniq_roxanne
Temple:   nicolae_temple_no_exploring_needed
Lair:1:   layout_concentric_octagons, beast_lair_carwin_8, grunt_megastairs_5
Lair:2:   layout_cave_pods, swamp_mist, guppyfry_snake_entry_garden, basic_altar
Lair:3:   layout_hall_layers, serial_bayou_shore_b, lemuel_fruit_fields
Lair:4:   layout_long_grid, kennysheep_catoblepas_arena, uniq_nessos
Lair:5:   hellmonk_lair_end_abyssal_woods, layout_big_grid,
          minmay_slime_entry_oklob_enclosed, grunt_megastairs_2
Snake:1:  layout_rooms, basic_altar, ebering_ghost_xom, uniq_nikola
Orc:1:    layout_caves, serial_shops, shop, uniq_erolcha, uniq_harold,
          uniq_josephine
Orc:2:    grunt_orc_tribal_feast, layout_caves, basic_altar

Skill      XL: |  1  2  3  4  5  6  7  8  9 10 11 12 13 14 15 16 |
---------------+-------------------------------------------------+-----
Earth Magic    | 4 5 6 7 8 9 11 12 13 14 15 16 | 16.9
Spellcasting   | 3 4 6 7 9 10 11 12 13 14 15 16 | 16.4
Fighting       | 1 2 3 |  3.5
Stealth        | 3 |  3.5
Conjurations   | 1 3 5 6 7 8 9 10 | 10.6
Evocations     | 1 3 4 5 6 7 8 |  8.7
Armour         | 2 4 5 6 |  6.5
Transmutations | 1 |  1.2
Fire Magic     | 1 |  1.6
Poison Magic   | 1 2 |  2.7
Necromancy     | 1 3 4 5 |  5.2
Dodging        | 3 |  3.9
Shields        | 1 2 |  2.7
Staves         | 1 |  1.3
Air Magic      | 1 2 |  2.2
Throwing       | 1 3 4 |  4.7
Ice Magic      | 1 2 |  2.2
Unarmed Combat | |  0.8

Action                     |  1- 3 |  4- 6 |  7- 9 | 10-12 | 13-15 | 16-18 || total
---------------------------+-------+-------+-------+-------+-------+-------++-------
  Melee: Unarmed           |     6 |     1 |    17 |     1 |       |       ||    25
         Quarterstaff      |       |       |       |     4 |    77 |       ||    81
         Staff             |       |       |       |       |     1 |     8 ||     9
   Cast: Sandblast         |    51 |    76 |   120 |   187 |   369 |    79 ||   882
         Stone Arrow       |       |     1 |    26 |    34 |    17 |     3 ||    81
         Borgnjor's Vile C |       |       |       |    38 |   196 |    43 ||   277
         Iron Shot         |       |       |       |    13 |    81 |    20 ||   114
         Irradiate         |       |       |       |       |    21 |     8 ||    29
         Lee's Rapid Decon |       |       |       |       |    17 |       ||    17
         Freezing Cloud    |       |       |       |       |    11 |     4 ||    15
  Evoke: Wand              |       |       |     6 |     2 |     3 |     1 ||    12
    Use: Scroll            |       |     8 |     5 |     4 |    22 |     2 ||    41
         Potion            |       |       |     2 |     2 |     1 |     1 ||     6
   Stab: Paralysed         |       |       |    15 |       |       |       ||    15
         Invisible         |       |       |       |       |       |     1 ||     1
 Armour: Robe              |    16 |    16 |    52 |    41 |       |       ||   125
         Troll leather arm |       |       |       |    58 |   375 |    61 ||   494
  Dodge: Dodged            |    17 |    19 |    52 |   145 |   437 |    53 ||   723
  Block: Other             |       |       |       |       |    96 |       ||    96
         Buckler           |       |       |       |       |    22 |    47 ||    69
         Reflection        |       |       |       |       |     2 |     3 ||     5
